 Dungeon Crawl Stone Soup version 0.21.0-24-g2553a33 (webtiles) character file.

277 nikopol the Ruffian (level 6, 0/57 HPs)
             Began as a Troll Warper on Jan 21, 2018.
             Killed from afar by Ijyb (8 damage)
             ... with a wand of flame (21)
             ... on level 4 of the Dungeon.
             The game lasted 00:10:18 (2706 turns).

nikopol the Ruffian (Troll Warper)                  Turns: 2706, Time: 00:10:18

Health: 0/57       AC:  5    Str: 21      XL:     6   Next: 4%
Magic:  6/7        EV: 10    Int:  9      God:
Gold:   219        SH:  0    Dex:  9 (10) Spells: 5/7 levels left

rFire    . . .     SeeInvis .     - Unarmed
rCold    . . .     Gourm    +   (no shield)
rNeg     . . .     Faith    .   a - +0 robe
rPois    .         Spirit   .   (helmet restricted)
rElec    .         Reflect  .   (no cloak)
rCorr    .         Harm     .   (gloves unavailable)
MR       .....                  (boots unavailable)
Stlth    +.........             (no amulet)
HPRegen  0.59/turn              (no ring)
MPRegen  0.10/turn              (no ring)

@: no status effects
A: large, unfitting armour, claws 3, fast metabolism 3, gourmand, regeneration
1, shaggy fur 1, tough skin 2
a: no special abilities


You were on level 4 of the Dungeon.
You were not hungry.

You visited 1 branch of the dungeon, and saw 4 of its levels.

You collected 219 gold pieces.

Inventory:

Missiles
 d - 5 tomahawks of dispersal (quivered)
Armour
 a - a +0 robe (worn)
Wands
 n - a wand of paralysis (14)
Scrolls
 c - 2 scrolls of blinking
 e - 3 scrolls of identify {unknown}
 i - 2 scrolls of teleportation {unknown}
 j - 2 scrolls of immolation {unknown}
 k - a scroll of fear {unknown}
 l - 5 scrolls of remove curse {unknown}
 m - 4 scrolls of random uselessness {unknown}
 o - a scroll of amnesia {unknown}
 q - a scroll of enchant weapon {unknown}
 r - 2 scrolls of fog {unknown}
Potions
 g - 2 potions of agility {unknown}
 h - a potion of cancellation {unknown}
 p - 2 potions of mutation {unknown}
 s - a potion of might {unknown}
 u - a potion of ambrosia {unknown}
Books
 b - a book of Spatial Translocations

   Spells                             Type                      Level
   a - Blink                          Translocation                2
   b - Shroud of Golubria             Charms/Translocation         2
   c - Lesser Beckoning               Translocation                3
   d - Gell's Gravitas                Translocation                3
   e - Teleport Other                 Translocation                3
   f - Passage of Golubria            Translocation                4
Comestibles
 f - 9 rations


   Skills:
 + Level 2.3 Fighting
 + Level 0.9 Throwing
 + Level 3.1 Dodging
 + Level 0.3 Stealth
 + Level 4.7 Unarmed Combat
 + Level 1.4 Spellcasting
 + Level 2.3 Translocations


You had 5 spell levels left.
You knew the following spells:

 Your Spells              Type           Power        Failure   Level  Hunger
a - Blink                 Tloc           N/A          21%         2    ###....


Dungeon Overview and Level Annotations

Branches:
Dungeon (4/15)
 Temple: D:4-7

Altars:
Sif Muna
Uskayaw
Xom
Yredelemnul

Annotations:
D:4 Eustachio, Ijyb


Innate Abilities, Weirdness & Mutations

You are too large for most types of armour.
You have claws for hands.
Your metabolism is lightning-fast.
You like to eat raw meat.
Your natural rate of healing is unusually fast.
You are covered in fur. (AC +1)
You have very tough skin. (AC +2)


Message History

The quasit closely misses you. The quasit claws you.
* * * LOW HITPOINT WARNING * * *
You feel clumsy.
The quasit claws you but does no damage.
Casting: Blink
Confirm with . or Enter, or press ? or * to list all spells.
You blink.
Eustachio mumbles some strange words.
Ijyb the Twisted Goblin comes into view.
She is wielding a dagger of speed.
Ijyb shouts!
Ijyb zaps a wand.
The puff of flame hits you!
* * * LOW HITPOINT WARNING * * *
It is a wand of flame (22).
Eustachio mumbles some strange words.
Eustachio blinks!
The iron imp disappears in a puff of smoke!
Ijyb zaps a wand.
The puff of flame hits you!
* * * LOW HITPOINT WARNING * * *
Ijyb zaps a wand.
The puff of flame hits you!
You die...

.... #..........# ....
#..........# .... . ##
#.......... .... ###...
#......#.. .... ..
##.######......#.# ....
##.#................#)## ....
.....#.###<...........)## ....
#.##....................##
#######.# #.###@...........#..##
...#....####.###.......>.........
...................>......#......
......######...#.5...............
.........##..#.gZr..........#####
......##....###..r.........##....
.....####.#......5.###....##.....
.....# #.#####.#...##.#..#......
.....# # #..#.....#.........


You could see Ijyb, a quasit, a shadow imp, 2 rats and a bullfrog skeleton.

Vanquished Creatures
  Jessica (D:3)
  Natasha (thrice) (D:3)
  A worker ant (D:4)
  7 adders
  An ooze (D:4)
  An adder skeleton (D:4)
  2 worms
  8 leopard geckos
  An orc (D:4)
  A ball python (D:2)
  3 giant cockroaches
  5 goblins
  6 hobgoblins
  10 jackals
  5 kobolds
  2 quokkas
  10 bats
  A frilled lizard (D:2)
  3 rats
71 creatures vanquished.

Notes
Turn   | Place    | Note
-------+----------+-------------------------------------------
     0 | D:1      | nikopol the Troll Warper began the quest for the Orb.
     0 | D:1      | Reached XP level 1. HP: 19/19 MP: 1/1
   187 | D:1      | Reached XP level 2. HP: 26/28 MP: 3/3
   546 | D:1      | Learned a level 2 spell: Blink
   580 | D:2      | Reached XP level 3. HP: 22/35 MP: 4/4
   730 | D:2      | Found a hide-covered altar of Uskayaw.
   834 | D:2      | Found a basalt altar of Yredelemnul.
   904 | D:2      | Reached skill level 3 in Unarmed Combat
  1103 | D:2      | Reached XP level 4. HP: 37/42 MP: 5/5
  1321 | D:2      | Found a deep blue altar of Sif Muna.
  1645 | D:3      | Found a shimmering altar of Xom.
  1795 | D:3      | Noticed Jessica
  1797 | D:3      | Noticed Natasha
  1800 | D:3      | Killed Jessica
  1808 | D:3      | Killed Natasha
  1808 | D:3      | Reached XP level 5. HP: 38/49 MP: 6/6
  2028 | D:3      | Noticed Natasha
  2032 | D:3      | Killed Natasha
  2050 | D:3      | Noticed Natasha
  2058 | D:3      | Killed Natasha
  2058 | D:3      | Reached skill level 4 in Unarmed Combat
  2628 | D:4      | Noticed a phantom
  2680 | D:4      | Reached XP level 6. HP: 45/57 MP: 7/7
  2681 | D:4      | Noticed Eustachio
  2699 | D:4      | Noticed Ijyb
  2706 | D:4      | Killed from afar by Ijyb

Skill      XL: |  1  2  3  4  5 |
---------------+----------------+-----
Dodging        | 2 3 |  3.1
Fighting       | 2 |  2.3
Unarmed Combat | 3 4 |  4.7
Throwing       | |  0.9
Stealth        | |  0.3
Spellcasting   | |  1.4
Translocations | |  2.3

Action                   |  1- 3 |  4- 6 || total
-------------------------+-------+-------++-------
Melee: Unarmed           |   107 |   157 ||   264
 Cast: Blink             |       |     2 ||     2
 Stab: Sleeping          |       |     1 ||     1
  Eat: Chunk             |    10 |    16 ||    26
Armor: Robe              |    37 |    71 ||   108
Dodge: Dodged            |    52 |   100 ||   152
